 Dungeon Crawl Stone Soup version 0.28-a0-563-gf77a47075d (webtiles) character file.

Game seed: 5090602410872654821

525348 wakim the Wrestler (level 24, -4/249 HPs)
             Began as a Troll Monk on Sept 29, 2021.
             Was a High Priest of Qazlal.
             Killed by divine providence
             ... invoked by a daeva
              (10 damage)
             ... on level 3 of the Abyss on Oct 1, 2021.
             The game lasted 03:15:25 (55711 turns).

wakim the Wrestler (Troll Monk)                    Turns: 55711, Time: 03:15:25

Health: -4/249     AC: 40    Str: 32    XL:     24   Next: 24%
Magic:  22/35      EV:  9    Int:  4    God:    Qazlal [*****.]
Gold:   4934       SH: 26    Dex: 16    Spells: 23/23 levels left

rFire   + . .      SeeInvis +     - Unarmed
rCold   + + +      Faith    .   k - +0 tower shield
rNeg    . . .      Spirit   .   O - +9 gold dragon scales
rPois   +          Reflect  .   s - +0 hat {SInv}
rElec   .          Harm     .   P - +2 cloak {rPois}
rCorr   .          Rampage  .   (gloves unavailable)
Will    +....                   (boots unavailable)
Stlth   ..........              M - amulet of Koedioc {rC+++ Regen+ Int-3 Slay+3}
HPRegen 0.00/turn               o - ring of the Tortoise {AC+8}
MPRegen 0.24/turn               V - ring of Zeih {rPois Str+3 Slay+4}

@: protected from cold, mildly diseased, glowing, studying 3 skills, repel
missiles
A: large, unfitting armour, claws 3, regeneration 1, shaggy fur 1, tough skin 1
}: 3/15 runes: decaying, silver, gossamer
a: Renounce Religion, Upheaval, Elemental Force, Disaster Area


You were on level 3 of the Abyss.
You worshipped Qazlal.
Qazlal was extremely pleased with you.
You visited 10 branches of the dungeon, and saw 45 of its levels.
You visited the Abyss 2 times.
You also visited: Ossuary, Gauntlet and Wizlab.

You collected 11314 gold pieces.
You spent 6380 gold pieces at shops.

Inventory:

Missiles
 f - 18 boomerangs (quivered)
 h - 20 javelins
 j - 8 silver boomerangs
 n - 5 curare-tipped darts {=f}
Armour
 k - a +0 tower shield (worn)
 p - a +1 hat of willpower
 s - a +0 hat of see invisible (worn)
 O - +9 gold dragon scales (worn)
 P - a +2 cloak of poison resistance (worn)
Jewellery
 a - the ring of Vuso Alienn {Fire *Slow +Blink Dex+3}
   (You found it on level 11 of the Dungeon)

   [ring of fire]

   It enhances your fire magic.
   Dex:       It affects your dexterity (+3).
   rF:        It protects you from fire.
   rC:        It makes you vulnerable to cold.
   +Blink:    It lets you blink.
   *Slow:     It may slow you when you take damage.
 b - a ring of willpower
 c - a ring of positive energy
 e - a +4 ring of evasion
 i - a ring of flight
 o - the ring of the Tortoise (left claw) {AC+8}
   (You bought it in a shop on level 2 of the Orcish Mines)

   [ring of protection]

   AC:        It affects your AC (+8).
 M - the amulet of Koedioc (around neck) {rC+++ Regen+ Int-3 Slay+3}
   (You found it on level 1 of the Elven Halls)

   [amulet of regeneration]

   Int:       It affects your intelligence (-3).
   Slay:      It affects your accuracy & damage with ranged weapons and melee
   (+3).
   rC:        It renders you almost immune to cold.
   Regen:     It increases your rate of health regeneration.
 V - the ring of Zeih (right claw) {rPois Str+3 Slay+4}
   (You found it in a wizard's laboratory)

   [ring of slaying]

   Str:       It affects your strength (+3).
   Slay:      It affects your accuracy & damage with ranged weapons and melee
   (+4).
   rPois:     It protects you from poison.
Wands
 d - a wand of iceblast (49)
 t - a wand of digging (10)
 u - a wand of mindburst (16)
 w - a wand of acid (31)
 x - a wand of charming (13)
 y - a wand of paralysis (24)
 z - a wand of polymorph (24)
 L - a wand of flame (129)
Scrolls
 r - 28 scrolls of identify
 R - 8 scrolls of magic mapping {!r}
 S - 10 scrolls of summoning
 T - 27 scrolls of teleportation
 U - 3 scrolls of fear
 W - a scroll of holy word
 X - 10 scrolls of fog
 Y - 7 scrolls of blinking {!r}
Potions
 A - 3 potions of ambrosia
 B - 7 potions of attraction {!q}
 C - 3 potions of berserk rage {!q}
 D - 7 potions of brilliance
 E - a potion of cancellation
 F - 9 potions of curing
 G - 12 potions of flight
 H - 2 potions of haste
 I - 7 potions of invisibility
 J - a potion of heal wounds
 K - 7 potions of magic
 N - 3 potions of might
Miscellaneous
 m - a phantom mirror
 q - a piece from Xom's chessboard (15/15)
 v - a lightning rod (4/4)


   Skills:
 + Level 16.3 Fighting
 - Level 12.0 Throwing
 + Level 11.5 Armour
 - Level 12.0 Dodging
 - Level 1.0 Stealth
 - Level 15.0 Shields
 + Level 22.1 Unarmed Combat
 * Level 18.3 Invocations
 - Level 12.0 Evocations


You had 23 spell levels left.
You didn't know any spells.
Your spell library contained the following spells:

 Spells                   Type           Power      Damage    Failure   Level
 Animate Skeleton         Necr           0%         N/A       100%        1
 Apportation              Tloc           0%         N/A       100%        1
 Foxfire                  Conj/Fire      0%         2x1d4     100%        1
 Magic Dart               Conj           0%         1d3       100%        1
 Pain                     Necr           0%         1d4       100%        1
 Sandblast                Erth           0%         2d4       100%        1
 Sting                    Tmut/Pois      0%         1d3       100%        1
 Summon Small Mammal      Summ           0%         N/A       100%        1
 Call Imp                 Summ           0%         N/A       100%        2
 Corpse Rot               Necr/Air       N/A        N/A       100%        2
 Passwall                 Tmut/Erth      0%         N/A       100%        2
 Scorch                   Fire           0%         2d5       100%        2
 Static Discharge         Conj/Air       0%         N/A       100%        2
 Call Canine Familiar     Summ           0%         N/A       100%        3
 Conjure Flame            Conj/Fire      0%         6-21      100%        3
 Dazzling Flash           Conj/Hex       0%         N/A       100%        3
 Gell's Gravitas          Tloc           0%         N/A       100%        3
 Ignite Poison            Fire/Tmut/Pois 0%         N/A       100%        3
 Inner Flame              Hex/Fire       0%         N/A       100%        3
 Lesser Beckoning         Tloc           0%         N/A       100%        3
 Mephitic Cloud           Conj/Pois/Air  0%         N/A       100%        3
 Ozocubu's Armour         Ice            0%         N/A       100%        3
 Stone Arrow              Conj/Erth      0%         3d7       100%        3
 Summon Guardian Golem    Hex/Summ       0%         N/A       100%        3
 Teleport Other           Tloc           0%         N/A       100%        3
 Vampiric Draining        Necr           0%         2d6       100%        3
 Airstrike                Air            0%         N/A       100%        4
 Animate Armour           Summ/Erth      0%         N/A       100%        4
 Animate Dead             Necr           0%         N/A       100%        4
 Dispel Undead            Necr           0%         3d6       100%        4
 Flame Wave               Conj/Fire      0%         3d3       100%        4
 Leda's Liquefaction      Hex/Erth       0%         N/A       100%        4
 Passage of Golubria      Tloc           N/A        N/A       100%        4
 Sticky Flame             Conj/Fire      0%         2d3       100%        4
 Summon Lightning Spire   Summ/Air       0%         N/A       100%        4
 Agony                    Necr           0%         N/A       100%        5
 Alistair's Intoxication  Tmut/Pois      0%         N/A       100%        5
 Blade Hands              Tmut           0%         N/A       100%        5
 Borgnjor's Vile Clutch   Necr/Erth      0%         N/A       100%        5
 Excruciating Wounds      Necr           0%         N/A       100%        5
 Freezing Cloud           Conj/Ice/Air   0%         6-21      100%        5
 Irradiate                Conj/Tmut      0%         3d14      100%        5
 Iskenderun's Battlesphe  Conj           0%         2d6       100%        5
 Lee's Rapid Deconstruct  Erth           0%         3d5*      100%        5
 Lightning Bolt           Conj/Air       0%         1d11      100%        5
 Silence                  Hex/Air        0%         N/A       100%        5
 Death Channel            Necr           0%         N/A       100%        6
 Iron Shot                Conj/Erth      0%         9d1       100%        6
 Starburst                Conj/Fire      0%         6d3       100%        6
 Statue Form              Tmut/Erth      0%         N/A       100%        6
 Summon Cactus Giant      Summ           0%         N/A       100%        6
 Dragon Form              Tmut           0%         N/A       100%        7
 Haunt                    Necr/Summ      0%         N/A       100%        7
 Malign Gateway           Summ/Tloc      0%         N/A       100%        7
 Ozocubu's Refrigeration  Ice            0%         4d5       100%        7
 Spellforged Servitor     Conj/Summ      0%         N/A       100%        7
 Infestation              Necr           0%         N/A       100%        8
 Lehudib's Crystal Spear  Conj/Erth      0%         10d2      100%        8
 Maxwell's Capacitive Co  Air            0%         ∞         100%        8
 Summon Horrible Things   Summ           0%         N/A       100%        8
 Fire Storm               Conj/Fire      0%         5d1       100%        9


Dungeon Overview and Level Annotations

Branches:
Dungeon (15/15)            Temple (1/1) D:5            Lair (6/6) D:9
  Swamp (4/4) Lair:3       Spider (4/4) Lair:3        Slime (0/5) Lair:5
    Orc (2/2) D:10            Elf (3/3) Orc:2        Vaults (5/5) D:14
  Crypt (0/3) Vaults:3     Depths (4/4) D:15            Zot (1/5) Depths:4
Ossuary (visited)          WizLab (visited)         Gauntlet (visited)

Altars:
Ashenzari
Cheibriados
Elyvilon
Gozag
Hepliaklqana
Kikubaaqudgha
Makhleb
Nemelex Xobeh
Okawaru
Qazlal
Sif Muna
Trog
Uskayaw
Vehumet
Wu Jian
Yredelemnul
Zin
The Shining One
Beogh
Lugonu

Shops:
Orc:2 ?=?[   Elf:1 (   Elf:2 *[=:   Vaults:1 :   Depths:1 ![*

Portals:
Hell: Depths:1 Depths:2 Depths:3 Depths:4
Abyss: Lair:6 Depths:3
Pandemonium: Depths:2 Depths:4
Ziggurat: Depths:2
Trove: D:10 (give +8 demon trident)

Annotations:
Depths:3 2 transporters, Liplow's ghost, journeyman GrFi


Innate Abilities, Weirdness & Mutations

You are too large for most types of armour.
You have claws for hands.
Your natural rate of healing is unusually fast.
You are covered in fur. (AC +1)
You have tough skin. (AC +1)


Message History

You destroy the starcursed mass!
Qazlal accepts your kill.
The blast of rubble hits the small abomination!!
The small abomination is almost destroyed.
The cutting wind hits the starcursed mass!!!
You destroy the starcursed mass!
Qazlal accepts your kill. x2
You feel a bit more experienced. Qazlal accepts your kill.
You feel a bit more experienced.
The cutting wind hits the starcursed mass!!
You destroy the starcursed mass!
Qazlal accepts your kill.
The blast of magma engulfs the small abomination!!!
You destroy the small abomination!
Qazlal accepts your kill. x2
You feel a bit more experienced. Qazlal accepts your kill.
You feel a bit more experienced. Qazlal accepts your kill.
You feel a bit more experienced.
The blast of rubble hits the daeva!!
The daeva is almost dead.
The lich casts a spell at you. The bolt of cold hits you! You resist.
Your resistance to physical damage fades away.
You feel protected from cold.
* * * LOW HITPOINT WARNING * * *
You block the daeva's attack. The daeva closely misses you.
Nature churns violently around you!
The cutting wind hits the starcursed mass!!!
You destroy the starcursed mass!
Qazlal accepts your kill.
The blast of magma engulfs the daeva!
The daeva is almost dead.
You hear a bark!
The lich touches you.
* * * LOW HITPOINT WARNING * * *
The daeva calls down the wrath of the Shining One upon you.
The Shining One smites you!
You die...

##... ##
... ..# q
≈.# ..≈§.#
. ≈)....
####
###†§≈# ♣
#≈..##)§A2#
#≈≈○#A## ##
.. #§○.@L#
#
v§.≈.≈.###
♣. ..≈≈.##
♣ §#.≈
§.#.. #
.##. # . #
##.### .
#.#.


You could see a daeva, a lich and a spatial vortex.

Vanquished Creatures
  A dread lich (Vaults:5)
  2 ancient liches
  Mara (Depths:2)
  Boris (twice) (Depths:3 Vaults:4)
  Bai Suzhen (Elf:3)
  Xtahua (Vaults:2)
  Saint Roka (Vaults:4)
  9 golden dragons
  2 bone dragons
  Jory (Vaults:2)
  A mutant beast (WizLab)
  The ghost of PanSaczeczos the Conqueror, an adept MiMo of Ru (Elf:1)
  An iron giant (shapeshifter) (Depths:2)
  11 tentacled monstrosities
  4 liches
  10 titans
  A quicksilver dragon (Depths:4)
  A deep elf blademaster (Elf:2)
  A walking divine tome (Depths:4)
  3 sphinxes
  Frances (Swamp:2)
  A death cob (Depths:4)
  4 tentacled starspawn
  Kirke (Swamp:2)
  2 shadow dragons
  Gastronok (Lair:3)
  Donald (Swamp:3)
  4 tengu reavers
  A shadow dragon (shapeshifter) (Depths:2)
  Roxanne (Elf:3)
  A storm dragon (Vaults:4)
  10 fire giants
  12 frost giants
  A draconian monk (Depths:4)
  2 draconian knights (Abyss:3)
  Aizul (Swamp:1)
  3 deep elf sorcerers
  A ghost moth (shapeshifter) (Vaults:4)
  5 orc warlords
  11 vault wardens
  3 ghost moths
  8 emperor scorpions
  5 deep elf elementalists
  2 draconian shifters
  3 draconian annihilators (Depths:4)
  15 ironbound preservers
  An angel (Abyss:3)
  4 war gargoyles
  9 stone giants
  4 spriggan defenders
  30 very ugly things
  2 green draconians (Depths:4)
  5 entropy weavers
  A reaper (Abyss:3)
  4 deep elf annihilators
  A purple draconian (Depths:4)
  3 deep elf demonologists
  A vampire knight (Depths:1)
  9 dire elephants
  A dire elephant (shapeshifter) (Depths:2)
  A lorocyproca (Abyss:3)
  Azrael (D:15)
  A bunyip (Swamp:3)
  2 red draconians (Depths:4)
  A spark wasp (Spider:2)
  3 yellow draconians
  5 deep elf death magi
  18 ettins
  A minotaur (Gauntlet)
  2 blizzard demons
  3 crystal guardians
  15 yaktaur captains
  6 eleionomae
  10 great orbs of eyes
  2 deep elf high priests
  2 green deaths
  7 fire dragons
  7 rakshasas
  15 hydras
  A catoblepas (D:14)
  33 vault guards
  5 ice dragons
  A monstrous demonspawn (Depths:4)
  2 ghost crabs
  7 ironbound thunderhulks
  8 spriggan air magi
  Erolcha (D:10)
  9 boulder beetles
  8 ogre magi
  Erica (D:11)
  7 alligators
  An alligator (shapeshifter) (Depths:2)
  2 peacekeepers
  A two-headed ogre (shapeshifter) (Depths:1)
  10 ironbound frosthearts
  10 centaur warriors
  30 dancing weapons
  A death yak (D:7)
  12 two-headed ogres
  6 deep troll shamans
  2 death knights
  9 tengu warriors
  6 thrashing horrors
  6 deep troll earth magi
  An orc high priest (Depths:1)
  5 spriggan berserkers
  2 vampire magi (Depths:1)
  Urug (Lair:2)
  9 deep elf knights
  8 hell knights
  A wretched star (Abyss:2)
  A sun demon (Abyss:3)
  3 fire crabs (shapeshifter) (WizLab)
  4 iron trolls
  A bunyip zombie (Abyss:2)
  14 skeletal warriors
  A fire crab (Gauntlet)
  4 goliath frogs
  5 swamp dragons
  A sixfirhy (Abyss:3)
  A death drake (shapeshifter) (WizLab)
  3 spatial maelstroms (Abyss:3)
  68 deep trolls
  A gelid demonspawn (Depths:4)
  A flayed ghost (Vaults:4)
  6 spriggan druids
  8 glowing orange brains
  3 deep elf archers
  10 bog bodies
  17 deep elf pyromancers
  6 lindwurms
  5 phantasmal warriors
  15 ironbound convokers
  13 wizards
  15 deep elf zephyrmancers
  6 orc knights
  A harpy (shapeshifter) (WizLab)
  20 orb spiders
  3 necromancers
  7 cyclopes
  32 wolf spiders
  2 will-o-the-wisps (Swamp:4)
  A mana viper (shapeshifter) (WizLab)
  An orb spider (shapeshifter) (WizLab)
  8 orc sorcerers
  3 oklob plants
  5 manticores
  60 ugly things
  2 worldbinders (Abyss:3)
  5 draconians (Abyss:3)
  5 moths of wrath
  5 elephants (Lair:6)
  2 frost giant skeletons (Vaults:3)
  A guardian serpent (shapeshifter) (WizLab)
  8 black mambas
  2 apocalypse crabs (Abyss:3)
  18 vault sentinels
  A fire giant skeleton (Vaults:3)
  7 gargoyles
  2 torpor snails
  A cane toad (shapeshifter) (WizLab)
  4 orange demons (Swamp:4)
  14 cane toads
  An unseen horror (D:12)
  42 yaktaurs
  2 kobold demonologists
  7 smoke demons
  An unseen horror (shapeshifter) (WizLab)
  2 yaktaurs (shapeshifter)
  A rime drake (Lair:6)
  2 tengu conjurers (Depths:2)
  3 freezing wraiths
  10 komodo dragons
  2 komodo dragons (shapeshifter) (WizLab)
  12 demonic crawlers
  3 ancient zymes
  A yaktaur skeleton (Vaults:3)
  An elf (Depths:1)
  A hellwing (Abyss:3)
  2 meliai (shapeshifter)
  A bloated husk (Swamp:1)
  4 polar bears
  14 tyrant leeches
  22 jumping spiders
  A meliai (D:14)
  2 trolls (shapeshifter) (WizLab)
  A polar bear (shapeshifter) (WizLab)
  13 trolls
  A wind drake (shapeshifter) (WizLab)
  A hornet (shapeshifter) (WizLab)
  28 blink frogs
  A raiju (shapeshifter) (WizLab)
  28 hornets
  28 slime creatures
  A blink frog (shapeshifter) (WizLab)
  2 slime creatures (shapeshifter)
  3 raiju
  2 snapping turtles (shapeshifter)
  12 dream sheep
  Sigmund (D:5)
  A dream sheep (shapeshifter) (WizLab)
  15 large abominations
  4 air elementals
  2 ettin skeletons (Vaults:3)
  2 vampires
  A spriggan (shapeshifter) (WizLab)
  14 starcursed masses (Abyss:3)
  20 tarantellas
  2 ynoxinuls
  57 redbacks
  18 spriggans
  6 wyverns
  A shadow (Swamp:3)
  3 humans (Depths:1)
  A yak (shapeshifter) (WizLab)
  4 wraiths
  5 fire bats
  2 water elementals
  11 basilisks
  A neqoxec (Abyss:3)
  37 yaks
  2 hogs (shapeshifter)
  A human (shapeshifter) (WizLab)
  3 chaos spawn
  6 hogs
  6 fire elementals
  21 vampire mosquitoes
  4 steam dragons
  A warg (Orc:2)
  An elf skeleton (Vaults:3)
  An iron golem (WizLab)
  13 swamp worms
  19 water moccasins
  2 acid dragons (D:10)
  An acid dragon (shapeshifter) (WizLab)
  4 hell hounds (D:15)
  5 floating eyes
  A black bear (shapeshifter) (WizLab)
  A hornet zombie (Ossuary)
  5 swamp drakes
  23 orc warriors
  6 black bears
  An ice beast (D:6)
  18 ogres
  7 sky beasts
  7 boggarts
  16 centaurs
  4 human skeletons (Vaults:3)
  A tengu (shapeshifter) (Elf:2)
  22 wolves
  3 kobold brigands
  11 bullfrogs
  23 small abominations
  3 earth elementals
  3 scorpions
  2 scorpions (shapeshifter)
  3 water moccasin zombies
  11 killer bees
  2 spectral wolves (Depths:1)
  6 electric eels
  5 howler monkeys
  A bullfrog zombie (Ossuary)
  6 centaur zombies
  2 quasits
  2 hounds (D:7)
  4 jellies
  A gnoll shaman (D:9)
  17 orc priests
  A bullfrog skeleton (D:4)
  A centaur skeleton (D:6)
  2 iron imps
  19 mummies (Ossuary)
  2 iguanas
  31 orc wizards
  4 hell rats (Lair:1)
  3 killer bee zombies
  A lightning spire (Gauntlet)
  A howler monkey zombie (D:8)
  8 gnolls
  A howler monkey skeleton (D:7)
  6 river rats (Lair:1)
  5 adders
  2 white imps
  3 ufetubi
  70 orcs
  8 ball pythons
  3 bats
  11 endoplasms
  6 giant cockroaches
  11 hobgoblins
  4 jackals
  18 kobolds
  3 quokkas
  3 frilled lizards
  17 goblins
  A quokka zombie (D:5)
  10 rats
  A rat zombie (D:5)
  A starspawn tentacle (Abyss:3)
2000 creatures vanquished.

Vanquished Creatures (collateral kills)
  A tentacled monstrosity (Zot:1)
  2 dancing weapons (Elf:2)
  A deep elf knight (Elf:2)
  3 deep elf pyromancers (Elf:2)
  2 deep elf zephyrmancers (Elf:2)
  2 moths of wrath (Zot:1)
11 creatures vanquished.

Vanquished Creatures (others)
  A shadow dragon (Vaults:5)
  2 deep elf knights
  A deep troll (Vaults:2)
  An eye of devastation (Abyss:3)
  A bloated husk (Swamp:2)
  A human (Swamp:2)
  2 fire bats (Abyss:3)
  3 chaos spawn (Abyss:3)
  A small abomination (Abyss:3)
  2 orc wizards
  An orc (D:6)
  A butterfly (D:9)
  2 foxfires (Swamp:4)
  45 fungi
  A lurking horror (Abyss:3)
  50 plants
  8 starspawn tentacles
  4 withered plants (Ossuary)
127 creatures vanquished.

Grand Total: 2138 creatures vanquished

Notes
Turn   | Place    | Note
-------+----------+-------------------------------------------
     0 | D:1      | wakim the Troll Monk began the quest for the Orb.
     0 | D:1      | Reached XP level 1. HP: 22/22 MP: 0/0
   213 | D:1      | Reached XP level 2. HP: 29/29 MP: 1/1
   873 | D:2      | Reached XP level 3. HP: 36/36 MP: 2/2
  1617 | D:2      | Found a faded altar of an unknown god.
  1769 | D:3      | Reached skill level 4 in Unarmed Combat
  1787 | D:3      | Reached XP level 4. HP: 44/44 MP: 3/3
  2609 | D:4      | Reached XP level 5. HP: 53/53 MP: 4/4
  3321 | D:4      | Reached skill level 5 in Unarmed Combat
  3461 | D:5      | Entered Level 5 of the Dungeon
  3491 | D:5      | Found a staircase to the Ecumenical Temple.
  3516 | Temple   | Entered the Ecumenical Temple
  3522 | Temple   | Became a worshipper of Qazlal Stormbringer
  3522 | Temple   | Reached * piety under Qazlal
  3522 | Temple   | Reached ** piety under Qazlal
  3568 | D:5      | Noticed a sky beast
  3583 | D:5      | Killed a sky beast
  3584 | D:5      | Reached XP level 6. HP: 53/61 MP: 5/5
  3605 | D:5      | Found a sand-covered staircase.
  3628 | Ossuary  | Entered an ossuary
  3686 | Ossuary  | Reached skill level 6 in Unarmed Combat
  3688 | Ossuary  | Reached XP level 7. HP: 43/68 MP: 6/6
  3826 | Ossuary  | Reached skill level 1 in Invocations
  3833 | Ossuary  | Reached skill level 1 in Throwing
  4007 | Ossuary  | Reached XP level 8. HP: 79/79 MP: 6/8
  4251 | D:5      | Noticed Sigmund
  4274 | D:5      | Killed Sigmund
  4275 | D:5      | Reached skill level 7 in Unarmed Combat
  4366 | D:5      | Reached *** piety under Qazlal
  5011 | D:6      | Reached skill level 1 in Shields
  5051 | D:6      | Reached skill level 8 in Unarmed Combat
  5121 | D:6      | Reached skill level 5 in Dodging
  5121 | D:6      | Reached XP level 9. HP: 87/87 MP: 10/10
  5187 | D:6      | Reached skill level 5 in Fighting
  5956 | D:7      | Found a huge runed translucent gate.
  5957 | D:7      | Found a huge runed translucent gate.
  5958 | D:7      | Found a huge runed translucent gate.
  5958 | D:7      | Noticed a manticore
  5958 | D:7      | Noticed a polar bear
  5958 | D:7      | Noticed a polar bear
  5959 | D:7      | Found a huge runed translucent gate.
  5959 | D:7      | Noticed a polar bear
  5959 | D:7      | Noticed a death yak
  6036 | D:7      | You fall into a shaft and drop 3 floors!
  6036 | D:10     | Entered Level 10 of the Dungeon
  6122 | D:10     | Reached skill level 9 in Unarmed Combat
  6205 | D:9      | Found a hazy altar of Hepliaklqana.
  6231 | D:9      | Reached **** piety under Qazlal
  6246 | D:9      | Noticed a troll
  6255 | D:9      | Killed a troll
  6256 | D:9      | Reached XP level 10. HP: 95/96 MP: 12/12
  6346 | D:9      | Found an ornate altar of the Wu Jian Council.
  6346 | D:9      | Found an iron altar of Okawaru.
  7109 | D:8      | Reached skill level 5 in Shields
  7120 | D:8      | Identified the +9 short sword "Cinism" {spect, Str+2 Dex+6}
  7188 | D:8      | Found a hide-covered altar of Uskayaw.
  7715 | D:7      | Found a glowing silver altar of Zin.
  7715 | D:7      | Noticed an angel
  7890 | D:9      | Reached skill level 10 in Unarmed Combat
  7951 | D:9      | Reached ***** piety under Qazlal
  8079 | D:9      | Found a white marble altar of Elyvilon.
  8398 | D:9      | Found a staircase to the Lair.
  8466 | Lair:1   | Entered Level 1 of the Lair of Beasts
  8499 | D:9      | Reached skill level 5 in Invocations
  8504 | Lair:1   | Reached skill level 5 in Throwing
  8540 | Lair:1   | Noticed a cane toad
  8558 | Lair:1   | Noticed a cane toad
  8560 | Lair:1   | Killed a cane toad
  8580 | D:9      | Killed a cane toad
  8620 | Lair:1   | Noticed an oklob plant
  8826 | Lair:1   | Noticed a black mamba
  8840 | Lair:1   | Killed a black mamba
  8875 | Lair:1   | Reached XP level 11. HP: 102/102 MP: 14/14
  8918 | Lair:1   | Reached skill level 1 in Evocations
  9065 | Lair:1   | Noticed a six-headed hydra
  9081 | Lair:1   | Killed an eight-headed hydra
  9082 | Lair:1   | Reached skill level 11 in Unarmed Combat
  9666 | Lair:1   | Killed an oklob plant
  9726 | Lair:2   | Noticed an eight-headed hydra
  9963 | Lair:2   | Noticed Urug
  9971 | Lair:2   | Killed Urug
 10179 | Lair:2   | Reached skill level 12 in Unarmed Combat
 10398 | Lair:2   | Reached XP level 12. HP: 96/111 MP: 15/15
 10867 | Lair:3   | Noticed Gastronok
 10935 | Lair:3   | Killed Gastronok
 10936 | Lair:3   | Reached skill level 13 in Unarmed Combat
 10951 | Lair:3   | Noticed a four-headed hydra
 10964 | Lair:3   | Killed a four-headed hydra
 10971 | Lair:3   | Noticed a boulder beetle
 10987 | Lair:3   | Killed a boulder beetle
 11477 | Lair:3   | Found a staircase to the Swamp.
 11491 | Lair:3   | Killed an eight-headed hydra
 11539 | Lair:3   | Found a hole to the Spider Nest.
 11735 | Lair:4   | Reached skill level 5 in Evocations
 12074 | Lair:4   | Identified a scroll of acquirement
 12075 | Lair:4   | Acquired 683 gold pieces
 12126 | Lair:4   | Noticed a boulder beetle
 12146 | Lair:4   | Killed a boulder beetle
 12237 | Lair:4   | Got Keizue's Disquisition on Poison
 12467 | Lair:5   | Reached XP level 13. HP: 119/119 MP: 16/16
 12534 | Lair:5   | Found a staircase to the Slime Pits.
 12561 | Lair:4   | Reached skill level 14 in Unarmed Combat
 13298 | Lair:6   | Entered Level 6 of the Lair of Beasts
 13845 | Lair:6   | Reached ****** piety under Qazlal
 13982 | Lair:6   | Got the Handbook of Hurtful Transformation
 14041 | Lair:6   | Reached XP level 14. HP: 58/133 MP: 19/19
 14461 | Lair:6   | Found a corrupted altar of Lugonu.
 14461 | Lair:6   | Found a one-way gate to the infinite horrors of the Abyss.
 14769 | D:10     | Found a staircase to the Orcish Mines.
 14779 | D:9      | Reached skill level 15 in Unarmed Combat
 14949 | D:10     | Noticed Erolcha
 14952 | D:10     | Killed Erolcha
 15308 | D:10     | Found a portal to a secret trove of treasure.
 15705 | D:11     | Noticed Erica
 15711 | D:11     | Killed Erica
 15939 | D:11     | Identified the ring of Vuso Alienn {Fire *Slow +Blink
                  | Dex+3}
 16740 | Orc:1    | Entered Level 1 of the Orcish Mines
 16970 | Orc:2    | Entered Level 2 of the Orcish Mines
 17036 | Orc:2    | Found a staircase to the Elven Halls.
 17040 | Orc:2    | Found a gate leading to a gauntlet.
 17050 | Gauntlet | Entered a Gauntlet
 17050 | Gauntlet | Found a large runed translucent door.
 17050 | Gauntlet | Found a large runed translucent door.
 17050 | Gauntlet | Found a large runed translucent door.
 17050 | Gauntlet | Found a large runed translucent door.
 17050 | Gauntlet | Found a large runed translucent door.
 17050 | Gauntlet | Found a large runed translucent door.
 17050 | Gauntlet | Found a large runed translucent door.
 17050 | Gauntlet | Found a large runed translucent door.
 17050 | Gauntlet | Found a runed translucent door.
 17050 | Gauntlet | Found a runed translucent gate.
 17050 | Gauntlet | Found a transporter.
 17050 | Gauntlet | Found a transporter.
 17050 | Gauntlet | Found a runed translucent gate.
 17050 | Gauntlet | Found a transporter.
 17050 | Gauntlet | Found a transporter.
 17054 | Gauntlet | Found a transporter.
 17066 | Gauntlet | Found a transporter.
 17070 | Gauntlet | Found a transporter.
 17080 | Gauntlet | Found a transporter.
 17082 | Gauntlet | Found a transporter.
 17155 | Gauntlet | Found a runed translucent door.
 17156 | Gauntlet | Found a large runed translucent door.
 17156 | Gauntlet | Found a large runed translucent door.
 17156 | Gauntlet | Found a large runed translucent door.
 17156 | Gauntlet | Found a large runed translucent door.
 17157 | Gauntlet | Found a large runed translucent door.
 17157 | Gauntlet | Found a large runed translucent door.
 17158 | Gauntlet | Found a large runed translucent door.
 17158 | Gauntlet | Found a large runed translucent door.
 17167 | Gauntlet | Found a runed translucent gate.
 17173 | Gauntlet | Found a transporter.
 17184 | Gauntlet | Found a transporter.
 17187 | Gauntlet | Found a transporter.
 17697 | Orc:2    | Paralysed by an orc sorcerer for 6 turns
 17772 | Orc:2    | Found Zixurig's Antique Armour Shoppe.
 17845 | Orc:2    | Found an ancient bone altar of Kikubaaqudgha.
 17850 | Orc:2    | Found Xyuriarph's Magic Scroll Shoppe.
 17886 | Orc:2    | Paralysed by an ogre mage for 7 turns
 17949 | Orc:2    | Found Ijepoicw's Jewellery Emporium.
 17969 | Orc:2    | Reached skill level 1 in Armour
 17969 | Orc:2    | Paralysed by an ogre mage for 6 turns
 17976 | Orc:2    | Paralysed by an ogre mage for 3 turns
 17990 | Orc:2    | Found Ziacoacs's Magic Scroll Emporium.
 18005 | Orc:2    | Bought a scroll of fear for 52 gold pieces
 18014 | Orc:2    | Bought the amulet "Fezae" {rF+ Regen+ Stlth+} for 561 gold
                  | pieces
 18048 | Orc:2    | Found a radiant altar of Vehumet.
 18056 | Orc:2    | Bought a scroll of acquirement for 728 gold pieces
 18056 | Orc:2    | Acquired a manual of Fighting
 18058 | Orc:2    | Bought a scroll of acquirement for 728 gold pieces
 18058 | Orc:2    | Acquired a manual of Invocations
 18060 | Orc:2    | Bought a scroll of blinking for 105 gold pieces
 18060 | Orc:2    | Bought a scroll of blinking for 105 gold pieces
 18408 | Orc:1    | Noticed an orc warlord
 18434 | Orc:2    | Killed an orc warlord
 18804 | D:12     | Found an opulent altar of Gozag.
 19115 | D:12     | Reached XP level 15. HP: 118/145 MP: 21/21
 19162 | D:12     | Reached skill level 10 in Invocations
 19203 | D:12     | Identified the +0 robe of Goyhetsi {rPois Dex+3}
 19251 | D:12     | You fall into a shaft and drop 1 floor!
 19957 | D:13     | Reached skill level 16 in Unarmed Combat
 20677 | D:14     | Found a burning altar of Makhleb.
 21349 | D:14     | Found a broken altar of Ashenzari.
 21415 | D:14     | Found a gate to the Vaults.
 21630 | D:14     | Found a glowing golden altar of the Shining One.
 21631 | D:14     | Found a white marble altar of Elyvilon.
 21632 | D:14     | Found a glowing silver altar of Zin.
 21896 | D:15     | Entered Level 15 of the Dungeon
 22049 | D:15     | Noticed Azrael
 22069 | D:15     | Killed Azrael
 22317 | D:15     | Reached XP level 16. HP: 157/157 MP: 23/23
 23350 | D:15     | Found a staircase to the Depths.
 23632 | Depths:1 | Entered Level 1 of the Depths
 23744 | D:15     | Reached skill level 10 in Fighting
 23804 | D:15     | Reached skill level 17 in Unarmed Combat
 23935 | Depths:1 | Noticed a lich
 23949 | Depths:1 | Killed a lich
 23967 | Depths:1 | Identified the +6 great sword of wakim's Evisceration
                  | {vorpal, Int+9}
 24304 | Depths:1 | Noticed a lich
 24312 | Depths:1 | Killed a lich
 24385 | Depths:1 | Paralysed by a great orb of eyes for 2 turns
 24928 | Depths:1 | Identified the +4 chain mail "Souxat" {-Cast Regen+ rCorr
                  | SInv}
 25224 | Depths:2 | Reached skill level 10 in Shields
 25341 | Depths:1 | Found the +7 lajatang of Order {silver, rMut}
 25343 | Depths:1 | Identified the +1 quarterstaff "Kiedgh" {freeze, rN+ Str+2}
 25356 | Depths:2 | Found a gateway to a ziggurat.
 25386 | Depths:2 | Noticed a tengu reaver
 25402 | Depths:2 | Killed a tengu reaver
 25414 | Depths:2 | Reached skill level 5 in Armour
 25414 | Depths:2 | Reached XP level 17. HP: 134/167 MP: 25/25
 25708 | Depths:2 | Found a one-way gate leading to the halls of Pandemonium.
 25982 | Depths:2 | Found a gateway to Hell.
 26009 | Depths:2 | Found a sparkling altar of Nemelex Xobeh.
 26055 | Depths:3 | Noticed a golden dragon
 26136 | Depths:2 | Killed a golden dragon
 26224 | Depths:3 | Noticed a golden dragon
 26240 | Depths:3 | Killed a golden dragon
 26245 | Depths:3 | Noticed Mara
 26247 | Depths:3 | Noticed a tentacled monstrosity
 26355 | Depths:3 | Paralysed by a hornet for 3 turns
 26464 | Depths:2 | Killed Mara
 26593 | Depths:2 | Killed a tentacled monstrosity
 26866 | Depths:3 | Noticed a dread lich
 27171 | Depths:3 | Found a transporter.
 27183 | Depths:3 | Noticed Liplow's ghost (journeyman GrFi)
 27271 | Depths:3 | Found a transporter.
 27470 | Depths:3 | Noticed a tentacled monstrosity
 27475 | Depths:3 | Killed a tentacled monstrosity
 27476 | Depths:3 | Cast into level 2 of the Abyss (a wizard)
 27480 | Abyss:2  | Noticed a bone dragon
 27502 | Abyss:2  | Killed a bone dragon
 27503 | Abyss:2  | Reached skill level 18 in Unarmed Combat
 27586 | Abyss:2  | Reached skill level 10 in Dodging
 27644 | Depths:3 | Escaped the Abyss
 27901 | Depths:3 | Paralysed by an air elemental for 1 turns
 27903 | Depths:3 | Paralysed by an air elemental for 1 turns
 27911 | Depths:3 | Paralysed by an air elemental for 1 turns
 27999 | Depths:3 | Noticed Boris
 28032 | Depths:4 | Entered Level 4 of the Depths
 28940 | Swamp:1  | Entered Level 1 of the Swamp
 28964 | Swamp:1  | Reached XP level 18. HP: 179/179 MP: 26/26
 29281 | Swamp:1  | Identified the amulet "Isedghaok" {Faith Stlth+}
 29493 | Orc:2    | Bought the ring of the Tortoise {AC+8} for 1536 gold pieces
 29493 | Orc:2    | Found the ring of the Tortoise {AC+8}
 30087 | Swamp:2  | Noticed Aizul
 30101 | Swamp:1  | Killed Aizul
 30195 | Swamp:2  | Noticed Frances
 30196 | Swamp:2  | Noticed Kirke
 30200 | Swamp:2  | Killed Frances
 30208 | Swamp:2  | Killed Kirke
 30416 | Swamp:2  | Got Dypnuni's Reference Book on Doomed Fire
 31535 | Swamp:4  | Entered Level 4 of the Swamp
 31549 | Swamp:4  | Identified the +1 kite shield "Damnable Contraption" {rPois
                  | rC- Str+8 Int-5}
 31549 | Swamp:4  | Noticed Donald
 31578 | Swamp:3  | Killed Donald
 31853 | Orc:2    | Bought a scroll of enchant armour for 112 gold pieces
 31853 | Orc:2    | Bought a scroll of magic mapping for 52 gold pieces
 31853 | Orc:2    | Bought a scroll of teleportation for 45 gold pieces
 32118 | Swamp:4  | Noticed a tentacled monstrosity
 32130 | Swamp:4  | Killed a tentacled monstrosity
 32694 | Swamp:4  | Noticed a tentacled monstrosity
 32729 | Swamp:3  | Killed a tentacled monstrosity
 32996 | Swamp:4  | Got a decaying rune of Zot
 33131 | Spider:1 | Entered Level 1 of the Spider Nest
 33431 | Spider:1 | Reached XP level 19. HP: 181/192 MP: 28/28
 34159 | Spider:2 | Identified the +7 dagger "Riaf" {flame, rF- Will+ Int+3
                  | Stlth+}
 34860 | Spider:3 | Reached skill level 19 in Unarmed Combat
 35605 | Spider:4 | Entered Level 4 of the Spider Nest
 36268 | Spider:4 | Got a gossamer rune of Zot
 37321 | Vaults:1 | Entered Level 1 of the Vaults
 37543 | Vaults:1 | Found Igecec's Book Shoppe.
 37666 | Vaults:1 | Reached skill level 15 in Invocations
 38030 | Vaults:1 | Reached skill level 10 in Throwing
 38505 | Vaults:2 | Reached XP level 20. HP: 190/204 MP: 30/30
 38588 | Vaults:2 | Noticed Jory
 38615 | Vaults:2 | Killed Jory
 39195 | Vaults:2 | Paralysed by a sphinx for 3 turns
 39774 | Vaults:2 | Noticed Xtahua
 39782 | Vaults:2 | Paralysed by Xtahua for 2 turns
 39793 | Vaults:2 | Killed Xtahua
 40868 | Vaults:3 | Found a magical portal.
 40877 | WizLab   | Entered Cigotuvi's Fleshworks
 40915 | WizLab   | Reached skill level 20 in Unarmed Combat
 41046 | WizLab   | Paralysed by a floating eye for 4 turns
 41058 | WizLab   | Paralysed by a floating eye for 2 turns
 41108 | WizLab   | Paralysed by a floating eye for 2 turns
 41292 | WizLab   | Got Cigotuvi's Volume of Sinister Transmigration
 41500 | WizLab   | Identified the ring of Zeih {rPois Str+3 Slay+4}
 42094 | Vaults:3 | Reached XP level 21. HP: 214/214 MP: 31/31
 42100 | Vaults:3 | Reached skill level 10 in Evocations
 42561 | Vaults:3 | Found a staircase to the Crypt.
 42835 | Vaults:3 | You fall into a shaft and drop 1 floor!
 43588 | Vaults:4 | Noticed Saint Roka
 43613 | Vaults:4 | Killed Saint Roka
 44770 | Depths:1 | Found a bloodstained altar of Trog.
 45148 | Depths:1 | Found an ancient bone altar of Kikubaaqudgha.
 45294 | Depths:1 | Found a shimmering blue altar of Sif Muna.
 45358 | Depths:1 | Found The Legendary Riacian's Legendary Smithy.
 45390 | Depths:1 | Found Acekh's General Store.
 45429 | Depths:1 | Found Adwothun's Miraculous Elixirs.
 45467 | Depths:1 | Found an opulent altar of Gozag.
 45874 | Orc:2    | Bought 3 scrolls of acquirement for 2184 gold pieces
 46090 | Depths:1 | Acquired 780 gold pieces
 46092 | Depths:1 | Acquired 1064 gold pieces
 46094 | Depths:1 | Acquired a +1 hat of willpower
 46154 | Depths:2 | Reached skill level 15 in Shields
 46341 | Depths:2 | Noticed a golden dragon
 46353 | Depths:2 | Killed a golden dragon
 46495 | Depths:2 | Reached XP level 22. HP: 203/224 MP: 33/33
 46510 | Depths:2 | Noticed a golden dragon
 46517 | Depths:2 | a golden dragon changed into an iron giant
 46522 | Depths:2 | a golden dragon changed into an iron giant
 46524 | Depths:2 | Noticed a golden dragon
 46525 | Depths:2 | Noticed a caustic shrike
 46525 | Depths:2 | a golden dragon changed into a caustic shrike
 46525 | Depths:2 | Noticed a golden dragon
 46525 | Depths:2 | an iron giant changed into a golden dragon
 46536 | Depths:2 | Noticed a golden dragon
 46536 | Depths:2 | a caustic shrike changed into a golden dragon
 46647 | Depths:2 | Noticed a golden dragon
 46651 | Depths:2 | Killed a golden dragon
 46923 | Depths:2 | Noticed a golden dragon
 46930 | Depths:2 | Killed a golden dragon
 47211 | Depths:3 | Killed Boris
 47317 | Depths:3 | Noticed an ancient lich
 47323 | Depths:3 | Found the +5 robe of Night {Dark Will+ SInv}
 47343 | Depths:3 | Killed an ancient lich
 47695 | Depths:4 | Reached skill level 15 in Fighting
 48156 | Depths:4 | Reached skill level 21 in Unarmed Combat
 48467 | Depths:4 | Found a gate to the Realm of Zot.
 48467 | Depths:4 | Noticed a golden dragon
 48467 | Depths:4 | Noticed a golden dragon
 48492 | Depths:4 | Killed a golden dragon
 48495 | Depths:4 | Killed a golden dragon
 49379 | Vaults:5 | Entered Level 5 of the Vaults
 49385 | Vaults:5 | Noticed an ancient lich
 49454 | Vaults:4 | Killed an ancient lich
 49455 | Vaults:4 | Reached skill level 10 in Armour
 49515 | Vaults:5 | Reached XP level 23. HP: 182/230 MP: 34/34
 49738 | Vaults:5 | Noticed a dread lich
 49750 | Vaults:5 | Killed a dread lich
 49823 | Vaults:5 | Noticed Boris
 50012 | Vaults:4 | Killed Boris
 50425 | Vaults:5 | Identified the +4 war axe of Precise Incision {vorpal, rC+}
 50817 | Vaults:5 | Got a silver rune of Zot
 51712 | Zot:1    | Entered Level 1 of the Realm of Zot
 52323 | Elf:1    | Entered Level 1 of the Elven Halls
 52391 | Elf:1    | Found Vusaerykh's Antique Weapon Boutique.
 52482 | Elf:1    | Identified the amulet of Koedioc {rC+++ Regen+ Int-3
                  | Slay+3}
 52689 | Elf:1    | Found a large runed translucent door.
 52690 | Elf:1    | Found a large runed translucent door.
 52692 | Elf:1    | Noticed PanSaczeczos's ghost (adept MiMo)
 52710 | Elf:1    | Killed PanSaczeczos's ghost
 53629 | Elf:2    | Found Natam's Assorted Antiques.
 53638 | Elf:2    | Bought a runed cloak for 172 gold pieces
 53656 | Elf:2    | Found Siotoorgh's Book Boutique.
 53780 | Elf:2    | Found Jusuas's Jewellery Shop.
 53802 | Elf:2    | Found the +7 captain's cutlass {speed, disarm}
 53831 | Elf:2    | Found Wakk's Armour Shop.
 53914 | Elf:2    | Found a runed translucent gate.
 53915 | Elf:2    | Found a runed translucent gate.
 53915 | Elf:2    | Found a runed translucent gate.
 54552 | Elf:3    | Entered Level 3 of the Elven Halls
 54569 | Elf:3    | Noticed Roxanne
 54582 | Elf:3    | Killed Roxanne
 54672 | Elf:3    | Noticed Bai Suzhen
 54684 | Elf:3    | Killed Bai Suzhen
 54685 | Elf:3    | Reached skill level 22 in Unarmed Combat
 54782 | Elf:3    | Reached XP level 24. HP: 204/248 MP: 35/35
 55241 | Elf:3    | Cast into level 3 of the Abyss (a deep elf sorcerer)
 55245 | Abyss:3  | Found a corrupted altar of Lugonu.
 55676 | Abyss:3  | Paralysed by accursed screaming for 1 turns
 55692 | Abyss:3  | Paralysed by accursed screaming for 2 turns
 55710 | Abyss:3  | HP: 7/249 [lich/bolt of cold (9)]
 55711 | Abyss:3  | Killed from afar by a daeva

Illustrated notes

Levels and vault maps discovered:
D:1:      dpeg_chamrin_arrival_tetris, layout_loops_ring, minmay_heptomino_l4
D:2:      layout_loops_ring, dreamdust_ecumenical_altar_angels_and_demons
D:3:      cheibrodos_greedy_goblins, layout_loops_cross
D:4:      layout_basic, minmay_misc_feat_enclosed
D:5:      layout_basic, minmay_temple_entry_stoned_glass, enter_ossuary_4,
          uniq_sigmund
D:6:      layout_rooms
D:7:      lemuel_bear_cage, layout_loops_corners, zin_angel
D:8:      layout_gridville, mainiacjoe_overflow_24_doors,
          nicolae_underground_beach
D:9:      layout_basic, chequers_temple_overflow_statue_of_worship,
          nicolae_elyvilon_peaceful_grove, grunt_lair_entry_orc_guard_hut,
          serial_bayou_pond_c
D:10:     layout_cave_pools, orc_0_dummy, nicolae_trove_entry_diagonal,
          minivault_4, hangedman_misty_isle, uniq_erolcha
D:11:     layout_layer_cave, uniq_erica
D:12:     layout_long_grid, nicolae_gozag_seed_capital
D:13:     layout_roguey
D:14:     hangedman_cross_cluster, layout_loops_corners, erik_vaults_1,
          good_gods_temple_1, ashenzari_altar_1
D:15:     gammafunk_enter_depths_forms, layout_cave_pods, dk_noncrumbling_2,
          uniq_azrael
Temple:   eino_temple_rhombus
Lair:1:   layout_chaotic_city, kennysheep_abandoned_house,
          infiniplex_staircase_pool
Lair:2:   layout_long_grid, serial_bayou_pond_e, serial_bayou_ford_a,
          minmay_holes, cheibrodos_lair_reptile_den, serial_bayou_shore_a,
          uniq_urug
Lair:3:   layout_roguey, skrybe_swamp_entry_bodies, spider_nest_entry_rubble,
          infiniplex_staircase_pool_2, uniq_gastronok
Lair:4:   layout_regular_city
Lair:5:   minmay_lair_oklob_chamber, layout_regular_city,
          nicolae_slime_entry_slimehenge, lemuel_fruit_fields,
          grunt_megastairs_3
Lair:6:   hellmonk_lair_end_abyssal_woods, layout_loops_ring,
          chequers_serial_rivers_small_b
Swamp:1:  layout_falls_marsh, serial_swamp_ruin, evilmike_swamp_ruin_rubble_2,
          evilmike_swamp_ruin_house_4, evilmike_swamp_ruin_house_5, swamp_pool5
Swamp:2:  layout_basic_swamp, nicolae_swamp_small_spring, uniq_aizul,
          uniq_frances, uniq_kirke
Swamp:3:  layout_basic_swamp, evilmike_swamp_ruin_rubble_1, swamp_pool1,
          nicolae_swamp_fairy_circle, nicolae_swamp_bean_lake
Swamp:4:  swamp_vile, layout_basic_swamp, uniq_donald
Spider:1: layout_spider_delve
Spider:2: layout_spider_delve, nicolae_spider_cling_halls,
          hangedman_spider_tarantella_strand
Spider:3: layout_spider_delve
Spider:4: guppyfry_spider_rune, guppyfry_spider_mini_2
Orc:1:    layout_diamond_mine
Orc:2:    kennysheep_orc_mage_school, layout_caves, gauntlet_entry_generic
Elf:1:    layout_loops_corners, ebering_ghost_disaster_area, serial_shops,
          nicolae_square_shop, kennysheep_underground_church
Elf:2:    nicolae_elf_blades_crystal_corner, layout_gridlike, serial_shops,
          nicolae_lakefront_shop, nicolae_shop_trees, nicolae_stop_n_shop_2,
          nicolae_square_shop, serial_corexii_hall,
          chequers_hall_statues_corner_a, corexii_hall_statues_i
Elf:3:    minmay_elf_hall_x, layout_gridlike, uniq_roxanne, uniq_bai_suzhen
Vaults:1: v_misc_18, v_misc_9, v_misc_13, ontoclasm_vaults_tryst, v_misc_27,
          vaults_mumra_chevron, nicolae_vaults_shelves_hall,
          hangedman_vaults_maws, vaults_room_semicircle, layout_vaults_ring,
          serial_shops, nicolae_shop_behind_doors
Vaults:2: v_pattern_1, ontoclasm_vaults_bender, vaults_room_boxed,
          ontoclasm_vaults_spin, nicolae_vaults_little_squares_3, v_misc_29,
          layout_vaults_quadrants, uniq_xtahua, uniq_jory
Vaults:3: st_octagons_2, vaults_room_hallway, v_rooms_1,
          minmay_crypt_entry_skeletal_spiral, v_misc_11, v_alt_pattern_3,
          hangedman_vaults_trim, vaults_room_hallway,
          nicolae_vaults_little_squares_3, ontoclasm_vaults_twist,
          hangedman_vaults_restitches, layout_vaults_big_room, mu_enter_wizlab_5
Vaults:4: v_misc_14, v_misc_16, ontoclasm_vaults_hangar, v_misc_18,
          vaults_room_corners, v_misc_22, vaults_room_stairs_pillars,
          grunt_vaults_funneled_arena, vaults_standard_mumra_enter_the_diamond,
          nicolae_vaults_inception_statues, v_misc_13,
          ontoclasm_vaults_ring_small, nicolae_vaults_little_squares_2,
          ontoclasm_vaults_shuriken, layout_vaults_omnibox, uniq_saint_roka
Vaults:5
Depths:1: grated_community_mu [grated_community_mu_vampire_home,
          grated_community_mu_giant_home, grated_community_mu_spellcaster_home,
          grated_community_mu_orcish_home, grated_community_mu_troll_home,
          grated_community_mu_taur_home, grated_community_mu_unbuilt_plot],
          layout_gridlike, roderic_roman_lattice, hell_entry,
          minmay_fractal_squares_diagonal_5, firewood_loft, serial_bayou_shore_b
Depths:2: cell_vault, layout_twisted_cross, enter_ziggurat_a,
          pf_hell_entry_tar_spiral, pan_entry, nemelex_spade_bored_becter
Depths:3: constructs_gauntlet_mu_hangedman, layout_basic, abyss_entry_crystal,
          gammafunk_ghost_mausoleum, nrook_mini_backslash, hell_entry,
          uniq_mara, uniq_boris
Depths:4: grunt_zot_entry_funnels, layout_gridlike, hell_entry,
          chequers_serial_rivers_micro_c, rand_demon_pan_entry_8
Zot:1:    layout_cathedral_of_symmetry, grunt_megastairs_1
Abyss:3:  base: Lair:2, due_evilmike_abyss_rune_seething_liches,
          evilmike_abyss_exit_14, evilmike_abyss_rune_siren_acolytes,
          gammafunk_abyss_rune_reverse_zot

Skill      XL: |  1  2  3  4  5  6  7  8  9 10 11 12 13 14 15 16 17 18 19 20 21 22 23 24 |
---------------+-------------------------------------------------------------------------+-----
Unarmed Combat | 4 5 6 8 9 10 12 13 14 15 16 17 18 19 20 21 22 | 22.1
Dodging        | 3 4 5 7 8 9 10 11 12 | 12.0
Fighting       | 3 4 5 7 8 9 10 11 12 13 14 15 16 | 16.3
Invocations    | 1 2 4 5 6 8 9 11 12 13 14 15 16 17 18 | 18.3
Throwing       | 1 2 4 5 6 7 8 9 10 11 12 | 12.0
Shields        | 1 4 6 8 9 10 11 12 13 15 | 15.0
Evocations     | 3 5 6 7 8 9 10 11 12 | 12.0
Armour         | 1 3 5 6 7 8 9 10 11 | 11.5
Stealth        | |  1.0

Action                   |  1- 3 |  4- 6 |  7- 9 | 10-12 | 13-15 | 16-18 | 19-21 | 22-24 || total
-------------------------+-------+-------+-------+-------+-------+-------+-------+-------++-------
Melee: Unarmed           |    97 |   163 |   274 |   555 |  1141 |  1511 |  2010 |  1223 ||  6974
       Punch             |     1 |     3 |     5 |       |       |       |       |       ||     9
Throw: Dart              |       |       |    17 |    10 |    25 |       |       |       ||    52
       Boomerang         |       |       |       |     7 |    20 |    68 |    22 |       ||   117
       Javelin           |       |       |       |       |       |       |     6 |       ||     6
Invok: Upheaval          |       |       |       |     6 |    19 |    24 |    17 |    12 ||    78
       Disaster Area     |       |       |       |       |       |     1 |     2 |     2 ||     5
       Elemental Force   |       |       |       |       |       |       |     2 |     5 ||     7
Evoke: Wand              |       |       |       |    11 |    26 |    13 |     1 |       ||    51
       Phantom mirror    |       |       |       |     1 |     1 |     2 |       |       ||     4
       Lightning rod     |       |       |       |       |     4 |       |       |       ||     4
       Piece from Xom's  |       |       |       |       |     2 |       |       |       ||     2
  Use: Scroll            |     5 |     6 |     9 |     4 |     7 |     8 |     6 |     6 ||    51
       Potion            |       |       |       |       |     1 |     6 |       |     7 ||    14
 Stab: Sleeping          |     6 |     3 |       |       |       |       |       |       ||     9
       Paralysed         |       |       |       |       |       |     2 |     2 |       ||     4
       Confused          |       |       |       |       |       |     2 |       |       ||     2
       Distracted        |       |       |       |       |       |       |       |     2 ||     2
Armor: Robe              |    19 |    54 |    80 |       |       |       |       |       ||   153
       Troll leather arm |       |       |       |    96 |   217 |    74 |       |       ||   387
       Gold dragon scale |       |       |       |       |       |   477 |   707 |   463 ||  1647
Dodge: Dodged            |    49 |    49 |    97 |   199 |   499 |   432 |   354 |   181 ||  1860
       Repelled          |       |       |       |     2 |     8 |    15 |     4 |    17 ||    46
Block: Other             |       |     1 |     9 |       |       |       |       |       ||    10
       Kite shield       |       |       |   124 |   425 |  1182 |   990 |       |       ||  2721
       Tower shield      |       |       |       |       |       |   477 |  2102 |  1096 ||  3675

Table legend: (Time is in decaauts)
 A = Elapsed time spent in this place.
 B = Non-inter-level travel time spent in this place.
 C = Inter-level travel time spent in this place.
 D = Time resting spent in this place.
 E = Time spent auto-exploring this place.
 F = Levels seen in this place.
 G = Mean time per level.
                   A        B        C        D        E       F      G
               +--------+--------+--------+--------+--------+-----+--------+
         Total |  54461 |  47183 |   7278 |   1427 |  33363 |  50 | 1089.2 |
       Dungeon |  16172 |  13454 |   2718 |     51 |  10376 |  15 | 1078.1 |
        Temple |     12 |     12 |      0 |      0 |      0 |   1 |   12.0 |
          Lair |   6684 |   5798 |    886 |     78 |   4192 |   6 | 1114.0 |
         Swamp |   3640 |   3348 |    292 |    253 |   2170 |   4 |  910.0 |
   Spider Nest |   3852 |   3628 |    224 |    131 |   2629 |   4 |  963.0 |
  Orcish Mines |   1859 |   1335 |    524 |      7 |    943 |   2 |  929.5 |
   Elven Halls |   2805 |   2751 |     54 |     85 |   2185 |   3 |  935.0 |
        Vaults |   8596 |   7425 |   1171 |    208 |   5233 |   5 | 1719.2 |
        Depths |   8422 |   7016 |   1406 |    469 |   4537 |   4 | 2105.5 |
           Zot |     40 |     40 |      0 |      0 |      0 |   1 |   40.0 |
         Abyss |    585 |    585 |      0 |      0 |    254 |   2 |  292.5 |
       Ossuary |    596 |    596 |      0 |    144 |    202 |   1 |  596.0 |
        Wizlab |    756 |    756 |      0 |      0 |    435 |   1 |  756.0 |
      Gauntlet |    436 |    436 |      0 |      0 |    204 |   1 |  436.0 |
               +--------+--------+--------+--------+--------+-----+--------+

Top non-repeatable levels by time:
Depths:1: 2491 daAuts
Depths:2: 2456 daAuts
Vaults:2: 2238 daAuts
Vaults:4: 2110 daAuts
    D:14: 1798 daAuts
Depths:3: 1749 daAuts
Depths:4: 1725 daAuts
Vaults:3: 1669 daAuts
    D:15: 1650 daAuts
    D:11: 1585 daAuts
Vaults:5: 1349 daAuts
   Orc:2: 1322 daAuts
  Lair:2: 1302 daAuts
  Lair:1: 1284 daAuts
  Lair:6: 1260 daAuts
